AoeStats
← Autopawn

Lombardia

508336194Analyzed
3v3 RM · 10d ago on Sep 22, 2026· 29m 51s· 6 players
Game mode
Random Map
Map size
Normal (6 player)
Population
200
Speed
Normal
Resources
Standard
Victory
Conquest
Starting age
Dark Age
Ending age
Imperial Age
RankedLock teamsTeams togetherTeam positionsShared explorationLock speedFull tech treeHidden civsTurbo modeCheats
Victory
Defeat
🇨🇱 Mapuche · Chile
1017
+16
🇨🇱 Byzantines · Chile
997
+17
🇨🇱 Aztecs · Chile
984
+18
🇵🇪 Dravidians · Peru
1045
-18
🇮🇹 Persians · Italy
1035
-18
🇺🇸 Teutons · United States
981
-15
Autopawn
5:04 Loom
12:00 Feudal Age
13:56 Double-Bit Axe
17:14 Horse Collar
18:45 Forging
25:16 Castle Age
23:33 Scale Barding Armor
26:17 Husbandry
27:27 Bow Saw
27:55 Iron Casting
26:47 Pikeman
gabrieloresp
5:41 Loom
11:44 Feudal Age
12:24 Double-Bit Axe
14:28 Scale Mail Armor
15:13 Forging
18:53 Arson
24:22 Castle Age
24:27 Eagle Warrior
25:45 Iron Casting
27:17 Chain Mail Armor
alfredoruninm
7:06 Loom
10:41 Feudal Age
15:13 Castle Age
13:28 Fletching
14:02 Padded Archer Armor
13:58 Double-Bit Axe
13:54 Horse Collar
16:34 Bow Saw
17:15 Bodkin Arrow
21:35 Ballistics
23:42 Leather Archer Armor
Dirty Dan
0:45 Loom
12:53 Feudal Age
13:34 Double-Bit Axe
13:32 Horse Collar
14:41 Wheelbarrow
16:27 Gold Mining
18:55 Stone Mining
21:40 Castle Age
23:43 Stone Shaft Mining
23:57 Hand Cart
24:53 Bow Saw
JARRD
9:51 Loom
12:10 Feudal Age
17:38 Castle Age
16:06 Double-Bit Axe
16:50 Horse Collar
19:51 Fletching
23:39 Bodkin Arrow
verbumdei76
8:34 Loom
11:00 Feudal Age
11:25 Double-Bit Axe
11:22 Horse Collar
18:06 Bloodlines
23:27 Castle Age
22:34 Forging
23:24 Scale Barding Armor
23:41 Stone Mining
26:04 Town Watch
Connection lost

Rejoining the realm…

Still unreachable

The connection could not be restored.

Session expired

The server has moved on; the page needs a fresh start.